Match 45437067
Unlisted

Match 45437067
End
Panzergrenadier Squad
250 Light Carrier
Panzergrenadier Squad
Construct Light Support Kompanie
Combat Half-tracks
Selects Battlefield Espionage Battlegroup
250 Light Carrier
Selects Intel Disruption Beacon
Fire Support Elements
Pak 38 Mechanized Group
Tungsten Core Ammunition
Panzerpioneer Squad
2.5-tonne Medical Truck
Construct Mechanized Kompanie
Selects 250/3 Funkpanzerwagen
Selects Anti-Tank Incendiary Munitions
StuG III D Assault Gun
Selects Plunder
Marder III Tank Destroyer
Construct Panzerarmee Kommand
Selects Firestorm
MG34 Team
Walking Stuka Rocket Launcher
Firestorm
2.5-tonne Medical Truck
Firestorm
Panzergrenadier Squad
Panzergrenadier Squad
2.5-tonne Medical Truck
Panzerpioneer Squad
AI Takeover
nre_nuker
WuTFaCe
Silianu
soiweg
Guh
Arnie
Urge to Merge
Relic only temp bans maphackers
0
0

Comments sign in to comment!

No comments posted yet!